 Dungeon Crawl Stone Soup version 0.19-a0-1168-g98094fc (webtiles) character file.

919 PurpleRed the Chopper (level 8, -10/93 HPs)
             Began as a Human Berserker on Aug 15, 2016.
             Was a Believer of Trog.
             Mangled by an orc warrior
             ... wielding a +0 halberd
              (14 damage)
             ... on level 7 of the Dungeon.
             The game lasted 00:09:11 (1493 turns).

PurpleRed the Chopper (Human Berserker)             Turns: 1493, Time: 00:09:11

Health: -10/93     AC: 10    Str: 24    XL:     8   Next: 31%
Magic:  8/8        EV:  8    Int:  7    God:    Trog [**....]
Gold:   126        SH:  0    Dex: 14    Spells: 0 memorised, 7 levels left

rFire  . . .     SeeInvis +     a - +0 hand axe
rCold  . . .     Gourm    .     k - +0 chain mail
rNeg   . . .     Faith    .     (no shield)
rPois  .         Spirit   .     (no helmet)
rElec  .         Dismiss  .     (no cloak)
rCorr  .         Reflect  .     d - +0 pair of gloves
MR     .....     Harm     .     (no boots)
Stlth  ..........               (no amulet)
                                (no ring)
                                b - ring of see invisible

@: berserking (expiring), drained, very quick
A: no striking features
a: Berserk, Trog's Hand, Burn Spellbooks, Renounce Religion


You were on level 7 of the Dungeon.
You worshipped Trog.
Trog was pleased with you.
You were very hungry.

You visited 2 branches of the dungeon, and saw 8 of its levels.

You collected 126 gold pieces.

Inventory:

Hand Weapons
 a - a +0 hand axe (weapon)
 h - a +2 hand axe of chopping
 i - a +0 blowgun
Missiles
 j - 5 poisoned needles
Armour
 d - a +0 pair of gloves (worn)
 k - a +0 chain mail (worn)
Jewellery
 b - a ring of see invisible (left hand)
 m - an uncursed ring of positive energy {unknown}
Scrolls
 f - 4 scrolls of teleportation
 g - 2 scrolls of remove curse
 o - 2 scrolls of noise {unknown}
 q - a scroll of amnesia {unknown}
Potions
 e - a potion of invisibility
 n - 2 potions of curing {unknown}
 r - a potion of resistance {unknown}
Books
 p - Onlua's Reference Book on Attacks and Changing
   (You found it on level 6 of the Dungeon)

   Spells                             Type                      Level
   a - Flame Tongue                   Conjuration/Fire             1
   b - Throw Flame                    Conjuration/Fire             2
   c - Passwall                       Transmutation/Earth          2
   d - Conjure Flame                  Conjuration/Fire             3
   e - Lightning Bolt                 Conjuration/Air              5
   f - Orb of Destruction             Conjuration                  7
   Trog disapproves of the use of such an item.
Comestibles
 c - 5 chunks of flesh
 l - a meat ration


   Skills:
 + Level 5.3(4.6) Fighting
 * Level 7.2(6.4) Axes
 + Level 4.5(3.7) Armour
 - Level 2.0(1.3) Dodging


You had 7 spell levels left.
You didn't know any spells.

Dungeon Overview and Level Annotations

Branches:
Dungeon (7/15)             Temple (1/1) D:5

Altars:
Ashenzari
Dithmenos
Fedhas
Gozag
Hepliaklqana
Kikubaaqudgha
Makhleb
Nemelex Xobeh
Pakellas
Qazlal
Ru
Sif Muna
Trog
Uskayaw
Vehumet
Xom


Message History

The orc warrior is severely wounded.
Your chain mail prevents you from hitting the orc priest.
The orc wizard gestures wildly while chanting.
The orc wizard blinks!
Some of the chunks of flesh in your inventory have rotted away.
You hit the orc warrior but do no damage.
The orc warrior is severely wounded.
You hit the orc priest.
You kill the orc priest!
Trog accepts your kill.
The orc warrior hits you with a halberd!!
* * * LOW HITPOINT WARNING * * *
You hit the orc warrior.
The orc warrior is almost dead.
You completely miss the orc warrior.
The orc warrior is almost dead.
Your skin stops crawling.
You feel less resistant to hostile enchantments.
The orc warrior hits you with a halberd!
You die...

#.# #.# ### #.# #
##.## .. #.# #.
##...###... #.#
#.######.........# #.#
#........o..o...#
#.######...####@####.#
#<.......#.# #)#
########.<.# #.# ##.##
#ยง# #.# #.# #.# #..
..# #.# ### #o.


You could see an orc warrior and 2 orc wizards.

Vanquished Creatures
  2 phantoms (D:5)
  A centaur (D:5)
  2 giant frogs (D:6)
  A scorpion (D:6)
  4 wights (D:6)
  A howler monkey (D:6)
  2 hounds
  An orc priest (D:7)
  2 iguanas
  A centaur skeleton (D:4)
  A killer bee zombie (D:6)
  A hound skeleton (D:5)
  2 worker ant zombies
  4 adders
  A worm (D:5)
  2 giant geckos
  4 giant cockroaches
  3 hobgoblins
  4 jackals (D:6)
  A quokka (D:6)
  2 bats (D:1)
  2 giant newts
  2 kobolds
  A rat (D:3)
47 creatures vanquished.

Notes
Turn   | Place    | Note
-------+----------+-------------------------------------------
     0 | D:1      | PurpleRed the Human Berserker began the quest for the Orb.
     0 | D:1      | Reached XP level 1. HP: 18/18 MP: 1/1
   225 | D:2      | Reached XP level 2. HP: 24/24 MP: 2/2
   385 | D:3      | Reached XP level 3. HP: 24/29 MP: 3/3
   473 | D:4      | Reached skill level 4 in Axes
   473 | D:4      | Reached XP level 4. HP: 26/36 MP: 4/4
   493 | D:5      | Entered Level 5 of the Dungeon
   512 | D:5      | Noticed a centaur
   523 | D:5      | Killed a centaur
   523 | D:5      | Reached XP level 5. HP: 5/42 MP: 5/5
   567 | D:6      | Reached skill level 5 in Axes
   567 | D:6      | Reached XP level 6. HP: 9/48 MP: 6/6
   580 | D:5      | HP: 2/48 [poisoned by a scorpion]
   877 | D:5      | Noticed a phantom
   877 | D:5      | Noticed a phantom
   890 | D:5      | Killed a phantom
   890 | D:5      | Reached ** piety under Trog
   918 | D:5      | Killed a phantom
   918 | D:5      | Reached XP level 7. HP: 44/55 MP: 7/7
   945 | D:5      | Found a deep blue altar of Sif Muna.
   968 | D:5      | Found an ancient bone altar of Kikubaaqudgha.
   984 | D:5      | Found a staircase to the Ecumenical Temple.
  1009 | Temple   | Entered the Ecumenical Temple
  1157 | D:6      | Found a stormy altar of Qazlal.
  1157 | D:6      | Found a shimmering altar of Xom.
  1159 | D:6      | Found a sparkling altar of Nemelex Xobeh.
  1182 | D:6      | Reached skill level 6 in Axes
  1282 | D:6      | Reached skill level 5 in Fighting
  1322 | D:6      | Reached XP level 8. HP: 45/62 MP: 8/8
  1331 | D:6      | Identified Onlua's Reference Book on Attacks and Changing
  1365 | D:6      | Reached skill level 7 in Axes
  1491 | D:7      | HP: 3/93 [orc warrior/halberd (20)]
  1493 | D:7      | Mangled by an orc warrior

Vault maps used:
D:1:      dpeg_arrival_simpleton_a
D:2:      good_gods_temple_1, first_bread
D:3:      marbit_many_paths
D:4:      uniq_edmund, uniq_blork_the_orc
D:5:      nicolae_overflow_crystal_walls, kennysheep_mini_moat
D:6:      nicolae_overflow_hidden_temple
D:7:      basic_altar, the_bakery, lightli_orcish_oven
Temple:   hc_temple_tempest_star

Skill      XL: |  1  2  3  4  5  6  7  8 |
---------------+-------------------------+-----
Axes           | 4 5 6 7 |  7.2
Fighting       | 4 5 |  5.3
Armour         | 3 4 |  4.5
Dodging        | |  2.0

Action                   |  1- 3 |  4- 6 |  7- 9 || total
-------------------------+-------+-------+-------++-------
Melee: Hand axe          |    50 |    53 |   128 ||   231
Invok: Berserk           |     2 |     4 |     3 ||     9
       Trog's Hand       |       |       |     1 ||     1
  Use: Scroll            |       |     4 |       ||     4
  Eat: Chunk             |     1 |     4 |     1 ||     6
       Bread ration      |       |       |     1 ||     1
Armor: Animal skin       |     5 |       |       ||     5
       Ring mail         |     4 |       |       ||     4
       Chain mail        |    26 |    23 |    64 ||   113
Dodge: Dodged            |    22 |    25 |    76 ||   123
